[Event "Titled Tuesday Blitz February 28 Late 2023"]
[White "Levine, David"]
[Black "Einarsson, Halldor Gretar"]
[WhiteFideId "2011611"]
[BlackFideId "2300150"]
[WhiteElo "2127"]
[BlackElo "2126"]
[Result "0-1"]
[Round "11"]
[TimeControl "180+2"]
[Date "2023.02.28"]
[WhiteClock "0:00:11"]
[BlackClock "0:00:46"]

1. d4 Nf6 2. c4 g6 3. g3 Bg7 4. Bg2 O-O 5. Nf3 c6 6. Nc3 d6 7. O-O Qa5 8. e4 e5 9. h3 exd4 10. Nxd4 Nbd7 11. Nde2 Ne5 12. b3 d5 13. cxd5 cxd5 14. exd5 Bf5 15. Bd2 Rad8 16. Nd4 Bd3 17. Re1 Qc5 18. Rxe5 Qxd4 19. Qe1 Rfe8 20. Bf4 Ne4 21. Nxe4 Bxe5 22. Bxe5 Qxe5 23. Rd1 Bxe4 24. d6 Bxg2 25. Qxe5 Rxe5 26. Kxg2 Re6 0-1


[Site "https://www.chess.com"]

[Event "Titled Tuesday Blitz February 28 Late 2023"]
[White "Sabar, Ethmane Daouda"]
[Black "Pissama Ntsaou, Martial"]
[WhiteFideId "19600097"]
[BlackFideId "17400864"]
[WhiteElo "1950"]
[BlackElo "2080"]
[Result "1-0"]
[Round "11"]
[TimeControl "180+2"]
[Date "2023.02.28"]
[WhiteClock "0:00:49"]
[BlackClock "0:00:16"]

1. Nf3 d5 2. g3 Bg4 3. Bg2 Bxf3 4. Bxf3 c6 5. O-O Nf6 6. c4 e6 7. Qb3 Qc7 8. d3 Nbd7 9. d4 Bd6 10. c5 Be7 11. Bf4 Qc8 12. Nc3 b6 13. cxb6 axb6 14. e4 dxe4 15. Nxe4 Nd5 16. Nd6+ Bxd6 17. Bxd6 Qb7 18. Rac1 N7f6 19. Rfe1 Qd7 20. Ba3 Rc8 21. Rc2 h5 22. h3 h4 23. g4 Ne7 24. Qxb6 Nfd5 25. Bxd5 Nxd5 26. Qc5 Nf4 27. Re3 Rh6 28. Qf8# 1-0


[Site "https://www.chess.com"]

[Event "Titled Tuesday Blitz February 28 Late 2023"]
[White "Desideri, Ricardo Maruchi"]
[Black "rikchessmx"]
[WhiteFideId "2110440"]
[WhiteElo "1945"]
[BlackElo "2165"]
[Result "1/2-1/2"]
[Round "11"]
[TimeControl "180+2"]
[Date "2023.02.28"]
[WhiteClock "0:00:07"]
[BlackClock "0:01:52"]

1. e4 c5 2. Nf3 e6 3. d4 cxd4 4. Nxd4 a6 5. Bd3 Qc7 6. f4 Bc5 7. Nb3 Ba7 8. Qe2 Nc6 9. Be3 Bb8 10. Nc3 h5 11. O-O-O Nf6 12. h3 Nb4 13. g4 b5 14. g5 Ng8 15. Bc5 Nxd3+ 16. Rxd3 Ne7 17. Bxe7 Qxf4+ 18. Kb1 Kxe7 19. g6 f6 20. Nd4 Bb7 21. Rf1 Qe5 22. Nf3 Qc5 23. e5 Bxe5 24. Nxe5 Qxe5 25. Qxe5 fxe5 26. Rf7+ Ke8 27. Rdxd7 Bg2 28. Rfe7+ Kf8 29. Rf7+ Ke8 30. Rfe7+ Kf8 31. Rf7+ Ke8 1/2-1/2


[Site "https://www.chess.com"]

[Event "Titled Tuesday Blitz February 28 Late 2023"]
[White "Gamage, Wanshini Vidusama"]
[Black "Manu_ChessExcelsior"]
[WhiteFideId "9953752"]
[WhiteElo "2180"]
[BlackElo "1986"]
[Result "1-0"]
[Round "11"]
[TimeControl "180+2"]
[Date "2023.02.28"]
[WhiteClock "0:01:15"]
[BlackClock "0:00:05"]

1. e4 e5 2. Nf3 Nc6 3. Bb5 a6 4. Ba4 Nf6 5. O-O Be7 6. Re1 b5 7. Bb3 O-O 8. c3 d5 9. exd5 Nxd5 10. Nxe5 Nxe5 11. Rxe5 c6 12. d4 Bd6 13. Re1 Qh4 14. g3 Qh3 15. Bxd5 cxd5 16. Qf3 Ra7 17. Bf4 Qf5 18. Nd2 Bxf4 19. Qxf4 Qxf4 20. gxf4 a5 21. a3 Ra6 22. Nb3 a4 23. Nc5 Rf6 24. Re5 Rxf4 25. Rae1 h6 26. Kg2 Be6 27. Kg3 g5 28. f3 Rh4 29. Nxe6 fxe6 30. Rxe6 Rhf4 31. R1e3 Kg7 32. Re7+ Kg6 33. R7e5 R8f5 34. Rxf5 Rxf5 35. h4 gxh4+ 36. Kxh4 Rf4+ 37. Kg3 Rf5 38. Re6+ Kf7 39. Re5 Rf6 40. Rxd5 Rg6+ 41. Kf4 Rg2 42. Rxb5 Kg6 43. Rb6+ Kg7 44. Rb7+ Kg6 45. Rb8 h5 46. Rg8+ 1-0


[Site "https://www.chess.com"]

[Event "Titled Tuesday Blitz February 28 Late 2023"]
[White "Souza, Gustavo Horokoski De"]
[Black "Cueto, Jonny"]
[WhiteFideId "2146584"]
[BlackFideId "3300145"]
[WhiteElo "1859"]
[BlackElo "2212"]
[Result "1-0"]
[Round "11"]
[TimeControl "180+2"]
[Date "2023.02.28"]
[WhiteClock "0:01:43"]
[BlackClock "0:01:32"]

1. d4 e6 2. c4 Nf6 3. Nc3 Bb4 4. e3 b6 5. Ne2 Bb7 6. a3 Be7 7. f3 d5 8. Ng3 O-O 9. cxd5 exd5 10. Bd3 Re8 11. O-O Nbd7 12. e4 dxe4 13. fxe4 Nf8 14. Be3 Ng6 15. Qf3 c5 16. d5 Rf8 17. Nf5 Ne5 18. Qg3 Nh5 19. Qxe5 Bd6 20. Qxd6 Qh4 21. Rf3 1-0


[Site "https://www.chess.com"]

[Event "Titled Tuesday Blitz February 28 Late 2023"]
[White "Burke, Paul"]
[Black "Sanchez, Robert"]
[WhiteFideId "2605767"]
[BlackFideId "2034360"]
[WhiteElo "1903"]
[BlackElo "2369"]
[Result "1-0"]
[Round "11"]
[TimeControl "180+2"]
[Date "2023.02.28"]
[WhiteClock "0:00:04"]
[BlackClock "0:01:00"]

1. e4 e5 2. Nf3 Nc6 3. Bc4 Nf6 4. d4 exd4 5. O-O Be7 6. e5 Ne4 7. Bd5 Nc5 8. c3 dxc3 9. Nxc3 O-O 10. Be3 Ne6 11. Be4 d6 12. Qc2 Nxe5 13. Nxe5 dxe5 14. Bxh7+ Kh8 15. Bf5 Nd4 16. Bxd4 exd4 17. Bxc8 dxc3 18. Bf5 g6 19. Be4 cxb2 20. Rad1 Bd6 21. Qxb2+ Kg8 22. Qxb7 Rb8 23. Qd5 Qf6 24. Bf3 Rbd8 25. Qe4 Rfe8 26. Qg4 Kg7 27. h4 Rh8 28. g3 Rh5 29. Kg2 Ra5 30. a4 Rb8 31. Bc6 Rb4 32. Qf3 Qxf3+ 33. Kxf3 Rc4 34. Bb5 Rc3+ 35. Kg2 a6 36. Be8 Kf8 37. Bd7 Rac5 1-0


[Site "https://www.chess.com"]

[Event "Titled Tuesday Blitz February 28 Late 2023"]
[White "Vargas, Mauricio"]
[Black "Govender, Kaedan"]
[WhiteFideId "4404572"]
[BlackFideId "14322072"]
[WhiteElo "2025"]
[BlackElo "1960"]
[Result "0-1"]
[Round "11"]
[TimeControl "180+2"]
[Date "2023.02.28"]
[WhiteClock "0:00:05"]
[BlackClock "0:02:02"]

1. e4 c5 2. Nc3 d6 3. f4 Nc6 4. Nf3 Nf6 5. Bb5 Bd7 6. Bxc6 Bxc6 7. d3 g6 8. O-O Bg7 9. Qe1 O-O 10. Qh4 Qb6 11. Kh1 Rfe8 12. f5 d5 13. e5 Nd7 14. f6 exf6 15. exf6 Nxf6 16. Bh6 Qxb2 17. Ng5 Qxc3 18. Bxg7 Kxg7 19. Rxf6 Qxf6 20. Qxh7+ Kf8 21. Rd1 Ke7 0-1


[Site "https://www.chess.com"]

[Event "Titled Tuesday Blitz February 28 Late 2023"]
[White "Dias, Joao Batista"]
[Black "Espinosa, Pedro"]
[WhiteFideId "2108240"]
[BlackFideId "30921066"]
[WhiteElo "1907"]
[BlackElo "2016"]
[Result "0-1"]
[Round "11"]
[TimeControl "180+2"]
[Date "2023.02.28"]
[WhiteClock "0:02:08"]
[BlackClock "0:00:46"]

1. e4 c5 2. Nf3 d6 3. d4 cxd4 4. Nxd4 Nf6 5. Nc3 Nc6 6. Be3 Ng4 7. Qd2 Nxe3 8. Qxe3 g6 9. O-O-O Bg7 10. Nxc6 bxc6 11. h4 h5 12. f4 O-O 13. e5 Qa5 14. Be2 dxe5 15. fxe5 Bxe5 16. g4 Bxc3 17. bxc3 Qa3+ 18. Kd2 Bxg4 19. Bxg4 hxg4 20. Ke2 Qxa2 21. h5 Qxc2+ 22. Rd2 Qf5 23. hxg6 Qf3+ 24. Qxf3 gxf3+ 25. Kxf3 fxg6+ 26. Ke4 Rad8 27. Ra2 Rd7 28. Ra6 Rf6 29. Rb1 Re6+ 30. Kf4 Kf7 31. Rb4 c5 32. Rc4 Rxa6 0-1